 Dungeon Crawl Stone Soup version 0.28-a0-407-g69098e2f6d (webtiles) character file.

Game seed: 8464316006222323743

140 Ge0ff the Caller (level 5, -4/40 HPs)
             Began as a Hill Orc Summoner on Sept 5, 2021.
             Killed from afar by an orc wizard (8 damage)
             ... with a magic dart
             ... on level 4 of the Dungeon.
             The game lasted 00:09:02 (3945 turns).

Ge0ff the Caller (Hill Orc Summoner)                Turns: 3945, Time: 00:09:02

Health: -4/40      AC:  3    Str: 11    XL:     5   Next: 23%
Magic:  8/8        EV: 11    Int: 16    God:
Gold:   82         SH:  0    Dex: 11    Spells: 2/8 levels left

rFire   + . .      SeeInvis .   a - +0 dagger (speed)
rCold   . . .      Faith    .   (no shield)
rNeg    . . .      Spirit   .   Z - +0 leather armour
rPois   .          Reflect  .   (helmet restricted)
rElec   .          Harm     .   (no cloak)
rCorr   .          Rampage  .   (no gloves)
Will    .....                   (no boots)
Stlth   +.........              (no amulet)
HPRegen 0.13/turn               V - ring of wizardry
MPRegen 0.11/turn               (no ring)

@: invisible
A: horns 1, fire resistance 1
a: no special abilities


You were on level 4 of the Dungeon.
You visited 1 branch of the dungeon, and saw 4 of its levels.

You collected 82 gold pieces.

Inventory:

Hand Weapons
 a - a +0 dagger of speed (weapon)
Missiles
 b - 111 stones (quivered)
 c - 19 poisoned darts
 g - a throwing net {=F}
 Y - 4 boomerangs
Armour
 Z - a +0 leather armour (worn)
Magical Staves
 f - a staff of conjuration
Jewellery
 V - a ring of wizardry (left hand)
Scrolls
 j - 2 scrolls of fear {unknown}
 l - a scroll of acquirement {unknown}
 S - a scroll of enchant armour {unknown}
 T - 3 scrolls of teleportation


   Skills:
 - Level 1.0 Fighting
 - Level 1.0 Armour
 - Level 1.5 Dodging
 - Level 1.5 Stealth
 - Level 2.0 Spellcasting
 + Level 5.9 Summonings


You had 2 spell levels left.
You knew the following spells:

 Your Spells              Type           Power      Damage    Failure   Level
a - Summon Small Mammal   Summ           80%        N/A       1%          1
d - Call Canine Familiar  Summ           20%        N/A       2%          3
s - Call Imp              Summ           20%        N/A       1%          2

Your spell library contained the following spells:

 Spells                   Type           Power      Damage    Failure   Level
 Blink                    Tloc           N/A        N/A       16%         2
 Summon Guardian Golem    Hex/Summ       11%        N/A       10%         3
 Lesser Beckoning         Tloc           1%         N/A       32%         3
 Summon Lightning Spire   Summ/Air       11%        N/A       32%         4
 Manifold Assault         Tloc           1%         N/A       95%         5


Dungeon Overview and Level Annotations

Branches:
Dungeon (4/15)
 Temple: D:4-7

Altars:
Elyvilon


Innate Abilities, Weirdness & Mutations

You have a pair of small horns on your head.
Your flesh is heat resistant. (rF+)


Message History

Your hound closely misses the ball python.
You escape the ball python's grasp.
Your crimson imp disappears in a puff of smoke!
Your hound barely misses the ball python.
Your quokka barely misses the orc.
The ball python barely misses you. The ball python closely misses you.
Your hound bites the ball python.
The ball python dies!
Your quokka bites the orc.
The orc dies!
Your hound bites something.
Your hound barely misses something.
Something hits your hound.
Your hound bites something.
Your hound barely misses something.
You feel better.
Your hound bites something.
A magic dart appears from out of thin air!
The magic dart hits your hound!
Your hound misses something.
A magic dart appears from out of thin air!
The magic dart hits your hound!
Your hound completely misses something.
You miss something. Something hits you.
Your hound bites something.
You closely miss something.
Your hound bites something.
Something hits you but does no damage.
You hit something.
Your hound barely misses something.
You hit something but do no damage. Something hits you but does no damage.
Your hound closely misses something.
You completely miss something. Your hound misses something. Something hits you.
You closely miss something. Your hound misses something.
You hit something but do no damage. Something completely misses you.
Your hound bites something but does no damage.
You closely miss something.
Your hound disappears in a puff of smoke!
You hear some strange, mumbled words.
A puff of flame appears from out of thin air!
The puff of flame hits you!
* * * LOW HITPOINT WARNING * * *
It was a potion of magic.
Magic courses through your body.
Your quokka disappears in a puff of smoke!
Something hits you.
* * * LOW HITPOINT WARNING * * *
It was a potion of mutation.
You feel extremely strange. A pair of horns grows on your head!
You feel resistant to heat.
You hear some strange, mumbled words.
A magic dart appears from out of thin air!
The magic dart hits you.
* * * LOW HITPOINT WARNING * * *
It was a potion of invisibility.
You fade into invisibility!
You hear some strange, mumbled words.
A magic dart appears from out of thin air!
The magic dart hits you!
You die...

.. #..#
#..#########
#!.......§.#
#......†...#
#....).){§.#
#.....)..@.#
#.$.........#
........)<..#
.#..........#
#..........#
....########
.... .


There were no monsters in sight!

Vanquished Creatures
  A water moccasin zombie (D:3)
  An adder skeleton (D:2)
  A worm (D:2)
  A dart slug (D:1)
  A ball python (D:1)
  2 endoplasms
  A hobgoblin (D:3)
  3 jackals (D:3)
  A bat (D:2)
  2 frilled lizards
  A goblin (D:4)
  A kobold (D:2)
16 creatures vanquished.

Vanquished Creatures (collateral kills)
  An adder (D:3)
  A dart slug (D:3)
  3 orcs
  4 endoplasms
  2 giant cockroaches
  A goblin (D:1)
  A hobgoblin (D:1)
  13 jackals
  3 kobolds
  2 quokkas
  2 ball pythons
  4 bats
  2 rats
39 creatures vanquished.

Vanquished Creatures (others)
  2 fungi (D:1)
  6 plants (D:1)
8 creatures vanquished.

Grand Total: 63 creatures vanquished

Notes
Turn   | Place    | Note
-------+----------+-------------------------------------------
     0 | D:1      | Ge0ff the Hill Orc Summoner began the quest for the Orb.
     0 | D:1      | Reached XP level 1. HP: 14/14 MP: 3/3
   193 | D:1      | Found a faded altar of an unknown god.
   388 | D:1      | Reached skill level 1 in Fighting
   388 | D:1      | Reached XP level 2. HP: 23/23 MP: 1/4
   391 | D:1      | Learned a level 2 spell: Call Imp
  1389 | D:1      | Reached XP level 3. HP: 8/28 MP: 0/6
  1396 | D:1      | Learned a level 3 spell: Call Canine Familiar
  2431 | D:2      | Found a white marble altar of Elyvilon.
  2862 | D:3      | Reached skill level 5 in Summonings
  3012 | D:3      | Reached XP level 4. HP: 25/35 MP: 3/7
  3612 | D:3      | Reached skill level 1 in Armour
  3612 | D:3      | Reached XP level 5. HP: 40/40 MP: 1/8
  3944 | D:4      | Gained mutation: You have a pair of small horns on your
                  | head. [potion of mutation]
  3944 | D:4      | Gained mutation: Your flesh is heat resistant. (rF+)
                  | [potion of mutation]
  3945 | D:4      | Killed from afar by an orc wizard

Illustrated notes

Levels and vault maps discovered:
D:1:      dpeg_arrival_arbitrary_a, layout_basic,
          shapermc_ecumenical_altar_mp_urbaneastern, minmay_split_cup_small
D:2:      layout_basic, basic_altar, kennysheep_doodads, minmay_misc_feat_five
D:3:      layout_basic
D:4:      layout_rooms

Skill      XL: |  1  2  3  4 |
---------------+-------------+-----
Fighting       | 1 |  1.0
Spellcasting   | 2 |  2.0
Summonings     | 5 |  5.9
Armour         | 1 |  1.0
Dodging        | |  1.5
Stealth        | |  1.5

Action                   |  1- 3 |  4- 6 || total
-------------------------+-------+-------++-------
Melee: Unarmed           |    12 |       ||    12
       Dagger            |    45 |    44 ||    89
Throw: Stone             |     3 |     6 ||     9
 Cast: Summon Small Mamm |    13 |     4 ||    17
       Call Imp          |    16 |     5 ||    21
       Call Canine Famil |     9 |     6 ||    15
  Use: Scroll            |     3 |       ||     3
       Potion            |       |     4 ||     4
 Stab: Sleeping          |     1 |       ||     1
       Distracted        |       |     1 ||     1
Armor: Robe              |    18 |     7 ||    25
       Leather armour    |       |     5 ||     5
Dodge: Dodged            |    41 |    27 ||    68

Table legend: (Time is in decaauts)
 A = Elapsed time spent in this place.
 B = Non-inter-level travel time spent in this place.
 C = Inter-level travel time spent in this place.
 D = Time resting spent in this place.
 E = Time spent auto-exploring this place.
 F = Levels seen in this place.
 G = Mean time per level.
                   A        B        C        D        E       F      G
               +--------+--------+--------+--------+--------+-----+--------+
         Total |   3922 |   3806 |    116 |    190 |   2881 |   4 |  980.5 |
       Dungeon |   3922 |   3806 |    116 |    190 |   2881 |   4 |  980.5 |
               +--------+--------+--------+--------+--------+-----+--------+

Top non-repeatable levels by time:
     D:1: 1698 daAuts
     D:2: 1097 daAuts
     D:3: 1091 daAuts
     D:4: 34 daAuts
